AoeStats
← mister_obi

Arabia

504816828Analyzed
1v1 RM · 27d ago on Sep 6, 2026· 24m 25s· 2 players
Game mode
Random Map
Map size
Tiny (2 player)
Population
200
Speed
Normal
Resources
Standard
Victory
Conquest
Starting age
Dark Age
Ending age
Imperial Age
RankedLock teamsTeams togetherTeam positionsShared explorationLock speedFull tech treeHidden civsTurbo modeCheats
Victory
Defeat
🇺🇸 Romans · United States
530
+14
🇧🇪 Britons · Belgium
477
-14
mister_obi
8:19 Loom
12:10 Feudal Age
15:18 Horse Collar
20:02 Double-Bit Axe
24:20 Castle Age
NightShade
10:17 Feudal Age
10:42 Man-at-Arms
19:19 Loom
21:35 Castle Age
20:39 Double-Bit Axe
20:37 Horse Collar
21:22 Gold Mining
22:44 Pikeman
24:21 Long Swordsman
25:03 Squires
Connection lost

Rejoining the realm…

Still unreachable

The connection could not be restored.

Session expired

The server has moved on; the page needs a fresh start.